 Dungeon Crawl Stone Soup version 0.30-a0-879-ga8ba668304 (webtiles) character file.

Game seed: 6160296422743795243

65 Newt the Shooter (level 4, -12/30 HPs)
             Began as a Kobold Hunter on Mar 13, 2023.
             Killed by an exploding ogre (42 damage)
             ... ignited by their inner flame
             ... on level 4 of the Dungeon.
             The game lasted 00:02:15 (3835 turns).

Newt the Shooter (Kobold Hunter)                    Turns: 3835, Time: 00:02:16

Health: -12/30     AC:  3    Str:  8    XL:     4   Next: 35%
Magic:  4/4        EV: 14    Int: 10    God:
Gold:   79         SH:  0    Dex: 20    Spells: 3/3 levels left

rFire   . . .      SeeInvis .    a - +0 shortbow
rCold   . . .      Faith    .    (shield currently unavailable)
rNeg    . . .      Spirit   .    c - +0 leather armour
rPois   .          Reflect  .    (no helmet)
rElec   .          Rampage  .    h - scarf {repulsion}
rCorr   .                        (no gloves)
Will    .....                    (no boots)
Stlth   +++                      j - amulet of the acrobat
HPRegen 0.25/turn                u - +4 ring of slaying
MPRegen 0.09/turn                (no ring)

@: repel missiles
A: small, no large weapons, nightstalker 3
a: no special abilities


You were on level 4 of the Dungeon.
You visited 1 branch of the dungeon, and saw 4 of its levels.

You collected 79 gold pieces.

Inventory:

Hand Weapons
 a - a +0 shortbow (weapon)
Armour
 c - a +0 leather armour (worn)
 h - a scarf of repulsion (worn)
 k - a +2 cloak
Jewellery
 j - an amulet of the acrobat (around neck)
 u - a +4 ring of slaying (left hand)
Scrolls
 b - a scroll of immolation
 g - 2 scrolls of vulnerability
 i - 2 scrolls of noise
 m - 2 scrolls of fog
 o - a scroll of teleportation
 r - 2 scrolls of blinking
Potions
 d - a potion of mutation
 e - a potion of brilliance
 f - a potion of curing {unknown}
 l - 2 potions of heal wounds {unknown}
 p - a potion of magic {unknown}
 s - a potion of degeneration {unknown}


   Skills:
 + Level 4.7 Fighting
 - Level 5.3 Ranged Weapons
 - Level 2.4 Dodging
 - Level 1.3 Stealth


You had 3 spell levels left.
You didn't know any spells.
Your spell library contained the following spells:

 Spells                   Type           Power      Damage    Failure   Level
 Kindle Blastsparks       Fire/Tloc/Air  0%         2d10      86%         3
 Ozocubu's Armour         Ice            0%         N/A       86%         3
 Fulminant Prism          Conj/Hex       0%         3d5       99%         4
 Iskenderun's Mystic Bla  Conj/Tloc      0%         2d3       99%         4
 Lee's Rapid Deconstruct  Erth           0%         3d4*      100%        5
 Ozocubu's Refrigeration  Ice            0%         4d7       100%        7


Dungeon Overview and Level Annotations

Branches:
Dungeon (4/15)
 Temple: D:4-7

Altars:
Trog
Vehumet
Xom
The Shining One


Innate Abilities, Weirdness & Mutations

You are small and have problems with some larger weapons.
You are completely attuned to the shadows.


Message History

An ogre is nearby!
An ogre is nearby!
An ogre is nearby!
Unknown command.
Really read the scroll of immolation?
As you read the scroll of immolation, it crumbles to dust.
The creatures around you are filled with an inner flame!
Unknown command.
Fire: a) +0 shortbow
Press: ? - help, Shift-Dir - straight line, f - ogre
Aim: an ogre, wielding a +0 giant club (inner flame, 81% to hit)
You shoot an arrow. The arrow barely misses the ogre.
Unknown command.
Blink to where?
Press: ? - help, Dir - move target, p - ogre
Found 4 stones.
As you read the scroll of blinking, it crumbles to dust.
Unknown command.
Fire: a) +0 shortbow
Press: ? - help, Shift-Dir - straight line, f - ogre
Aim: an ogre, wielding a +0 giant club (translocational energy, inner flame, 81% to hit)
You shoot an arrow. The arrow hits the ogre.
Flame seeps out of the ogre.
The ogre is lightly wounded.
Unknown command.
Fire: a) +0 shortbow
Press: ? - help, Shift-Dir - straight line, f/p - ogre
Aim: an ogre, wielding a +0 giant club (lightly wounded, inner flame, 81% to hit)
You shoot an arrow. The arrow hits the ogre.
Flame seeps out of the ogre.
The ogre is moderately wounded.
The ogre is engulfed in blazing flames.
Flame seeps out of the ogre.
Fire: a) +0 shortbow
Press: ? - help, Shift-Dir - straight line, f/p - ogre
Aim: an ogre, wielding a +0 giant club (almost dead, inner flame, 81% to hit)
You shoot an arrow. The arrow hits the ogre.
Flame seeps out of the ogre.
The ogre is almost dead.
The ogre is engulfed in blazing flames.
The ogre explodes!
The fiery explosion engulfs you!!!
Ouch! That really hurt!
You die...

#.#.##....
..#.......
#.###...#.
#...#
#...#...
##...!...
....°....
...§○§...
...§@§...
......#..
....#.#
..(. .#
.... ..


There were no monsters in sight!

Vanquished Creatures
  An ogre (D:4)
  3 worms
  4 endoplasms
  A giant cockroach (D:1)
  9 goblins
  2 hobgoblins (D:1)
  9 jackals
  2 kobolds (D:2)
  3 quokkas
  8 ball pythons
  7 bats
  A frilled lizard (D:2)
  3 rats
53 creatures vanquished.

Notes
Turn   | Place    | Note
-------+----------+-------------------------------------------
     0 | D:1      | Newt the Kobold Hunter began the quest for the Orb.
     0 | D:1      | Reached XP level 1. HP: 12/12 MP: 1/1
   293 | D:1      | Reached XP level 2. HP: 18/18 MP: 2/2
   584 | D:1      | Reached XP level 3. HP: 23/23 MP: 3/3
  1852 | D:2      | Found a faded altar of an unknown god.
  1998 | D:2      | Reached XP level 4. HP: 15/30 MP: 4/4
  2468 | D:2      | Found a bloodstained altar of Trog.
  2914 | D:3      | Found a shimmering altar of Xom.
  2920 | D:3      | Found a shimmering altar of Xom.
  2931 | D:3      | Found a shimmering altar of Xom.
  2936 | D:3      | Found a shimmering altar of Xom.
  3014 | D:3      | Found a glowing golden altar of the Shining One.
  3254 | D:3      | Found a shimmering altar of Xom.
  3259 | D:3      | Found a shimmering altar of Xom.
  3263 | D:3      | Found a shimmering altar of Xom.
  3448 | D:3      | Found a radiant altar of Vehumet.
  3829 | D:4      | Noticed an ogre
  3835 | D:4      | Killed an ogre
  3835 | D:4      | Killed by an exploding ogre... ignited by their inner flame

Illustrated notes

Levels and vault maps discovered:
D:1:      dpeg_arrival_circle_labyrinth_c, layout_loops_corners,
          serial_co_window_serial, co_window_corner_a, co_window_corner_a,
          co_window_paths_b, co_window_paths_a, co_window_of_opportunity_a,
          co_window_paths_a, co_window_cross_1, co_window_of_opportunity_c,
          co_window_of_opportunity_c, co_window_of_opportunity_b,
          co_window_corner_b, co_window_unsneaky_path_d, co_window_2corner,
          glass_columns_a
D:2:      layout_loops_ring, shapermc_ecumenical_altar_petra, basic_altar,
          minmay_pentomino_w4
D:3:      layout_rooms, lemuel_tele_altar, nicolae_overflow_crystal_walls,
          nicolae_xom_altar_mimics
D:4:      layout_rooms, kiku_gazebo_garden_becter, uniq_blork_the_orc,
          uniq_eustachio

Skill      XL: |  1  2  3 |
---------------+----------+-----
Fighting       | 3 4 |  4.7
Ranged Weapons | |  5.3
Dodging        | |  2.4
Stealth        | |  1.3

Action                     |  1- 3 |  4- 6 || total
---------------------------+-------+-------++-------
   Fire: Shortbow          |    95 |    32 ||   127
    Use: Scroll            |     6 |     7 ||    13
 Armour: Leather armour    |     7 |     1 ||     8
  Dodge: Dodged            |    57 |     7 ||    64

Table legend: (Time is in decaauts)
 A = Elapsed time spent in this place.
 B = Non-inter-level travel time spent in this place.
 C = Inter-level travel time spent in this place.
 D = Time resting spent in this place.
 E = Time spent auto-exploring this place.
 F = Levels seen in this place.
 G = Mean time per level.
                   A        B        C        D        E       F      G
               +--------+--------+--------+--------+--------+-----+--------+
         Total |   3870 |   3527 |    343 |    583 |   2633 |   4 |  967.5 |
       Dungeon |   3870 |   3527 |    343 |    583 |   2633 |   4 |  967.5 |
               +--------+--------+--------+--------+--------+-----+--------+

Top non-repeatable levels by time:
     D:1: 1766 daAuts
     D:2: 1176 daAuts
     D:3: 589 daAuts
     D:4: 338 daAuts
